 Dungeon Crawl Stone Soup version 0.20.1-1-g8b1a95d (webtiles) character file.

5142 supernedo the Fighter (level 10, -3/126 HPs)
             Began as a Demonspawn Berserker on Oct 31, 2017.
             Was a High Priest of Trog.
             Slain by a crocodile (11 damage)
             ... on level 9 of the Dungeon on Nov 3, 2017.
             The game lasted 01:02:56 (8500 turns).

supernedo the Fighter (Demonspawn Berserker)        Turns: 8500, Time: 01:02:56

Health: -3/126     AC: 16    Str: 26    XL:     10   Next: 33%
Magic:  3/3        EV: 10    Int: 13    God:    Trog [*****.]
Gold:   220        SH:  3    Dex: 12    Spells: 9/9 levels left

rFire    + . .     SeeInvis .   V - +6 halberd (antimagic)
rCold    . . .     Gourm    .   (shield currently unavailable)
rNeg     . . .     Faith    .   x - +1 chain mail {rPois}
rPois    +         Spirit   .   (helmet restricted)
rElec    .         Reflect  +   S - +0 cloak of the Trombone {rF+ Int+4}
rCorr    .         Harm     .   (no gloves)
MR       .....                  (no boots)
Stlth    ..........             o - +3 amulet of reflection
Regen    0.4/turn               q - ring of poison resistance
MPRegen  0.1/turn               I - +3 ring of protection

@: berserking (expiring), very quick
A: antennae 1, rugged brown scales 1, demonic guardian 1, rot immunity
a: Berserk, Trog's Hand, Brothers in Arms, Burn Spellbooks, Renounce Religion


You were on level 9 of the Dungeon.
You worshipped Trog.
Trog was extremely pleased with you.
You were very hungry.

You visited 2 branches of the dungeon, and saw 10 of its levels.

You collected 561 gold pieces.
You spent 341 gold pieces at shops.

Inventory:

Hand Weapons
 l - a +1 trident of flaming
 V - a +6 antimagic halberd (weapon)
Missiles
 B - 11 tomahawks (quivered)
 O - 2 tomahawks of returning
Armour
 b - a +0 animal skin
 s - a +0 leather armour
 x - a +1 chain mail of poison resistance (worn)
 F - a +0 helmet
 N - a +0 buckler of protection
 S - the +0 cloak of the Trombone (worn) {rF+ Int+4}
   (You bought it in a shop on level 8 of the Dungeon)

   It affects your intelligence (+4).
   It protects you from fire.
Magical Staves
 a - an uncursed staff of power
Jewellery
 i - an uncursed amulet of magic regeneration
 o - a +3 amulet of reflection (around neck)
 q - a ring of poison resistance (left hand)
 u - an uncursed ring of protection from magic
 I - a +3 ring of protection (right hand)
 P - an uncursed ring of teleportation
 R - an uncursed ring of ice
Wands
 J - a wand of lightning (2/15)
Scrolls
 d - 2 scrolls of enchant weapon {unknown}
 e - 5 scrolls of amnesia
 h - 5 scrolls of identify
 j - 4 scrolls of remove curse
 k - 4 scrolls of blinking {unknown}
 r - 4 scrolls of teleportation
 y - 2 scrolls of fear {unknown}
 z - a scroll of magic mapping {unknown}
 A - 2 scrolls of recharging {unknown}
 G - a scroll of immolation
 M - a scroll of enchant armour {unknown}
Potions
 f - 2 potions of heal wounds {unknown}
 m - 2 potions of invisibility {unknown}
 n - 2 potions of brilliance
 p - 5 potions of curing {unknown}
 v - a potion of degeneration {unknown}
 w - 2 potions of lignification {unknown}
 D - a potion of flight {unknown}
 E - a potion of cancellation {unknown}
 L - 2 potions of might
 Q - a potion of mutation {unknown}
Comestibles
 c - 6 bread rations
 g - 5 fruits
 t - 6 meat rations
 H - 5 royal jellies


   Skills:
 * Level 8.6 Fighting
 + Level 8.4(8.8) Polearms
 - Level 4.0(6.7) Staves
 + Level 1.8 Throwing
 + Level 6.7 Armour
 + Level 3.2 Dodging
 + Level 1.0 Stealth
 - Level 2.3 Shields


You had 9 spell levels left.
You didn't know any spells.

Dungeon Overview and Level Annotations

Branches:
Dungeon (9/15)             Temple (0/1) D:5            Lair (1/6) D:9
    Orc: D:9-12

Altars:
Ashenzari
Dithmenos
Elyvilon
Hepliaklqana
Nemelex Xobeh
Ru
Sif Muna
Trog
Uskayaw
Vehumet
Xom
Yredelemnul
The Shining One

Shops:
D:4 ?   D:8 *

Annotations:
D:7 exclusion: ice statue


Innate Abilities, Weirdness & Mutations

You have a pair of small antennae on your head.
You are partially covered in rugged brown scales. (AC +1, +3% HP)
A weak demonic guardian rushes to your aid.
You are immune to rotting.


Message History

You feel a strong urge to attack something.
There is a staircase to the Lair here.
Unknown command.
You hit the komodo dragon.
The komodo dragon is lightly wounded.
The komodo dragon bites you but does no damage.
You impale the komodo dragon!!
The komodo dragon is heavily wounded.
The porcupine bites you but does no damage.
The crocodile bites you!
* * * LOW HITPOINT WARNING * * *
The yak gores you.
* * * LOW HITPOINT WARNING * * *
The komodo dragon hisses menacingly.
The komodo dragon completely misses you.
You puncture the komodo dragon!
The komodo dragon is severely wounded.
The porcupine barely misses you. The yak gores you but does no damage.
The crocodile bites you!
You die...

### ##...## #.# #.#.# #
##.## ###.###.#.# # #.#
#.......#.# # #.#
#.#.#####.# # ##+##
#.#.# #.# ##...##
#.#.#####.# # ##.....##
#.#.......# ##
##.......###l##.######
.####.........##@#...##
....'.........trYt....#
.####........)##l#...##
## ##.......###....## #
##.....## ###.##
##...#### #.# #......#
#.# #..###.####.# ###
#..#........#


You could see 2 komodo dragons, a yak, 2 crocodiles and a porcupine.

Vanquished Creatures
  A two-headed ogre (D:8)
  Pikel (D:7)
  A black mamba (Lair:1)
  A human (D:7)
  4 hogs (D:7)
  Duvessa (D:7)
  An acid dragon (D:8)
  A black bear (D:8)
  3 ogres
  2 phantoms
  5 bullfrogs
  Dowan (D:7)
  A gnoll sergeant (D:9)
  2 scorpions
  5 killer bees (D:7)
  5 crimson imps
  2 bullfrog zombies
  3 hounds
  A jelly (D:8)
  A centaur skeleton (D:5)
  2 orc priests
  A gnoll shaman (D:4)
  An iguana (D:5)
  Ijyb (D:5)
  Natasha (D:2)
  9 worker ants
  10 orc wizards
  A hound zombie (D:6)
  A hound skeleton (D:8)
  A howler monkey zombie (D:6)
  Robin (D:4)
  14 gnolls
  2 howler monkey skeletons
  14 adders
  2 oozes
  An adder zombie (D:9)
  An adder skeleton (D:9)
  A worm (D:4)
  4 dart slugs
  4 leopard geckos
  31 orcs
  A bat (D:2)
  7 giant cockroaches
  20 goblins
  8 hobgoblins
  6 jackals
  8 kobolds
  4 quokkas
  A ball python (D:1)
  14 frilled lizards
  A jackal zombie (D:5)
  A leopard gecko skeleton (D:4)
  A quokka skeleton (D:8)
  6 rats
223 creatures vanquished.

Vanquished Creatures (collateral kills)
  A water moccasin (D:6)
  2 ice beasts
  An ogre (D:7)
  A bullfrog (D:5)
  A crimson imp (D:3)
  A gnoll shaman (D:6)
  An orc wizard (D:5)
  A worker ant (D:4)
  Natasha (twice) (D:2)
  An adder (D:4)
  3 gnolls
  2 orcs
  A goblin (D:2)
  A jackal (D:2)
  A quokka (D:5)
20 creatures vanquished.

Vanquished Creatures (others)
  A slave (D:7)
  A quokka (D:5)
2 creatures vanquished.

Grand Total: 245 creatures vanquished

Notes
Turn   | Place    | Note
-------+----------+-------------------------------------------
     0 | D:1      | supernedo the Demonspawn Berserker began the quest for the Orb.
     0 | D:1      | Reached XP level 1. HP: 18/18 MP: 1/1
   199 | D:1      | Gained mutation: A weak demonic guardian rushes to your aid. [demonic ancestry]
   199 | D:1      | Reached XP level 2. HP: 24/24 MP: 2/2
   694 | D:1      | Gained mutation: You are immune to rotting. [demonic ancestry]
   694 | D:1      | Reached XP level 3. HP: 12/29 MP: 3/3
   699 | D:1      | Reached ** piety under Trog
  1313 | D:2      | Noticed Natasha
  1318 | D:2      | Killed Natasha
  1318 | D:2      | Reached XP level 4. HP: 6/37 MP: 4/4
  1571 | D:2      | Noticed Natasha
  1581 | D:2      | Killed Natasha
  1823 | D:2      | Noticed Natasha
  1831 | D:2      | Killed Natasha
  1831 | D:2      | Reached XP level 5. HP: 14/42 MP: 5/5
  2524 | D:3      | Found a white marble altar of Elyvilon.
  2700 | D:3      | Found a sacrificial altar of Ru.
  2711 | D:3      | Reached *** piety under Trog
  2828 | D:3      | Found a basalt altar of Yredelemnul.
  2980 | D:4      | Found a hide-covered altar of Uskayaw.
  2986 | D:4      | Found a radiant altar of Vehumet.
  2986 | D:4      | Found a sparkling altar of Nemelex Xobeh.
  2986 | D:4      | Found a glowing golden altar of the Shining One.
  2997 | D:4      | Found a bloodstained altar of Trog.
  2997 | D:4      | Found a shadowy altar of Dithmenos.
  3033 | D:4      | Reached XP level 6. HP: 45/49 MP: 6/6
  3061 | D:4      | Noticed Robin
  3105 | D:4      | Killed Robin
  3234 | D:4      | Found a deep blue altar of Sif Muna.
  3470 | D:4      | Found Urchirika's Magic Scroll Shop.
  3485 | D:4      | Bought a scroll of remove curse for 39 gold pieces
  3485 | D:4      | Bought a scroll of immolation for 45 gold pieces
  3485 | D:4      | Bought a scroll of teleportation for 39 gold pieces
  3569 | D:4      | Reached **** piety under Trog
  3569 | D:4      | Reached skill level 5 in Fighting
  3571 | D:4      | Reached skill level 5 in Polearms
  3729 | D:4      | Found a basalt altar of Yredelemnul.
  3756 | D:4      | Gained mutation: You are partially covered in rugged brown scales. (AC +1, +3% HP) [demonic ancestry]
  3756 | D:4      | Reached XP level 7. HP: 43/57 MP: 7/7
  3884 | D:5      | Entered Level 5 of the Dungeon
  4101 | D:5      | Noticed Ijyb
  4123 | D:5      | Killed Ijyb
  4304 | D:5      | Found a staircase to the Ecumenical Temple.
  4665 | D:5      | Reached XP level 8. HP: 58/65 MP: 8/8
  4911 | D:6      | Reached skill level 1 in Staves
  5260 | D:6      | Reached skill level 5 in Armour
  5693 | D:7      | Noticed an ice statue
  5743 | D:7      | Found a hazy altar of Hepliaklqana.
  5744 | D:7      | Found a shimmering altar of Xom.
  5744 | D:7      | Noticed a hell beast
  5745 | D:7      | Noticed a spectral ugly thing
  5745 | D:7      | Noticed a hell beast
  5925 | D:7      | Reached ***** piety under Trog
  5932 | D:7      | Reached XP level 9. HP: 69/73 MP: 9/9
  6168 | D:7      | Noticed Dowan
  6174 | D:7      | Noticed Duvessa
  6195 | D:7      | Killed Duvessa
  6205 | D:7      | Killed Dowan
  6205 | D:7      | Reached skill level 1 in Shields
  6375 | D:7      | Noticed Pikel
  6395 | D:7      | Killed Pikel
  6454 | D:7      | Reached skill level 1 in Throwing
  6991 | D:8      | Found Minwelav's Assorted Antiques.
  7031 | D:8      | Bought a shimmering cloak for 218 gold pieces
  7031 | D:8      | Identified the +0 cloak of the Trombone {rF+ Int+4} (You bought it in a shop on level 8 of the Dungeon)
  7303 | D:8      | Gained mutation: You have a pair of small antennae on your head. [demonic ancestry]
  7303 | D:8      | Reached XP level 10. HP: 71/82 MP: 10/10
  7353 | D:8      | Noticed a two-headed ogre
  7367 | D:8      | Killed a two-headed ogre
  7641 | D:9      | Found a shattered altar of Ashenzari.
  7796 | D:9      | Received a gift from Trog
  8170 | D:9      | Found a staircase to the Lair.
  8269 | D:9      | Reached skill level 1 in Stealth
  8483 | Lair:1   | Entered Level 1 of the Lair of Beasts
  8483 | Lair:1   | Noticed a black mamba
  8494 | Lair:1   | Killed a black mamba
  8500 | D:9      | Slain by a crocodile

Skill      XL: |  1  2  3  4  5  6  7  8  9 10 |
---------------+-------------------------------+-----
Armour         | 2 3 4 5 6 |  6.7
Polearms       | 3 4 5 6 7 8 |  8.4
Dodging        | 2 3 |  3.2
Fighting       | 4 5 6 8 |  8.6
Staves         | 4 |  4.0
Shields        | 2 |  2.3
Throwing       | 1 |  1.8
Stealth        | 1 |  1.0

Action                   |  1- 3 |  4- 6 |  7- 9 | 10-12 || total
-------------------------+-------+-------+-------+-------++-------
Melee: Spear             |   141 |   224 |       |       ||   365
       Trident           |       |   115 |   427 |    44 ||   586
       Lajatang          |       |       |   125 |       ||   125
       Halberd           |       |       |       |    37 ||    37
Throw: Tomahawk          |       |       |    23 |     5 ||    28
Invok: Berserk           |     1 |     2 |     7 |     2 ||    12
       Trog's Hand       |     1 |       |     1 |       ||     2
Evoke: Wand              |       |       |       |     1 ||     1
  Use: Scroll            |     3 |       |     2 |       ||     5
       Potion            |     1 |     1 |       |       ||     2
 Stab: Sleeping          |     2 |       |       |       ||     2
       Distracted        |       |       |     3 |       ||     3
  Eat: Chunk             |     1 |    11 |    19 |     5 ||    36
Armor: Animal skin       |     9 |       |       |       ||     9
       Leather armour    |     9 |    14 |       |       ||    23
       Chain mail        |       |    75 |   254 |    39 ||   368
Dodge: Dodged            |    54 |   104 |   161 |    45 ||   364
Block: Other             |       |    34 |    20 |     6 ||    60
       Buckler           |       |       |    62 |     6 ||    68
       Reflection        |       |       |     2 |     1 ||     3
